Map: Corrosion EC

Players

HoldTheDoor

  • Race: Protoss Protoss
  • League: Diamond
  • Spawn Location: 11:00

AzoG - Winner!

  • Race: Terran Terran
  • League: Diamond
  • Spawn Location: 5:00

VOD

Have the link to the VOD?

Description

Time

  • Played on: July 4, 2018, 1:32 p.m.
  • Length: 8:27
Show
View Real Time Build Order
Export as new Build Order

HoldTheDoor Protoss 

Build Orders: 1 Gate Expand, Double Forge, Colossus Rush 

Get SALT Encoding   

  12  0:00  Probe  
  13  0:12  Probe  
  14  0:24  Probe  
  14  0:25  Pylon  
  15  0:42  Probe  
  15  0:46  Gateway  
  15  0:48  Assimilator  
  16  0:50  Probe  
  16  0:54  Assimilator  
  17  0:58  Probe  
  18  1:19  Nexus  
  18  1:21  Probe  
  19  1:33  Cybernetics Core  
  19  1:40  Assimilator, Probe  
  20  1:52  Probe  
  21  1:57  Pylon  
  21  2:04  Probe  
  22  2:10  Stalker  
  22  2:11  Warp Gate  
  22  2:17  Probe  
  25  2:30  Gateway  
  24  2:46  Probe  
  24  2:47  Probe  
  26  2:58  Probe  
  26  3:00  Stalker  
  26  3:03  Probe  
  30  3:14  Robotics Facility  
  30  3:15  Probe x2  
  30  3:16  Pylon  
  32  3:20  Stalker  
  32  3:27  Assimilator, Probe  
  35  3:30  Probe  
  36  3:48  Pylon  
  36  3:49  Probe  
  36  3:50  Probe  
  38  4:01  Probe  
  39  4:05  Immortal  
  43  4:12  Probe  
  44  4:17  Assimilator, Pylon  
  44  4:18  Probe  
  44  4:22  Robotics Bay  
  45  4:24  Probe  
  45  4:30  Probe  
  45  4:31  Stalker  
  49  4:36  Probe  
  50  4:42  Probe  
  51  4:47  Observer  
  51  4:48  Probe  
  53  4:54  Probe  
  53  4:56  Forge  
  53  4:57  Forge  
  53  4:59  Pylon  
  54  5:00  Probe  
  54  5:05  Protoss Ground Armor Level 1  
  54  5:06  Probe  
  54  5:07  Stalker  
  58  5:09  Stalker  
  58  5:13  Probe  
  58  5:14  Pylon  
  61  5:20  Protoss Shields Level 1  
  61  5:21  Colossus  
  61  5:24  Probe  
  61  5:26  Probe  
  69  5:30  Extended Thermal Lance  
  69  5:41  Probe  
  70  5:43  Probe  
  71  5:52  Photon Cannon  
  71  5:57  Photon Cannon  
  71  6:02  Probe x2  
  72  6:14  Immortal  
  72  6:15  Stalker x2  
  75  6:19  Pylon  
  78  6:32  Gateway  
  78  6:35  Gateway  
  78  6:37  Shield Battery  
  78  6:41  Zealot x2  
  80  7:10  Pylon  
  80  7:13  Pylon  
  80  7:15  Pylon  
  80  7:20  Colossus, Pylon  
  80  7:27  Twilight Council  
  80  7:28  Pylon  
  86  7:32  Pylon  
  86  7:34  Photon Cannon  
  86  7:37  Photon Cannon  
  86  7:38  Zealot x2  
  86  7:43  Pylon  
  87  8:07  Zealot x2  
Show
View Real Time Build Order
Export as new Build Order

AzoG Terran - Winner!

Build Orders: Reaper Expand, MMM Bio 

Get SALT Encoding   

  12  0:01  SCV  
  13  0:13  SCV  
  14  0:17  Supply Depot  
  14  0:25  SCV  
  15  0:39  SCV  
  15  0:40  Barracks  
  16  0:45  Refinery  
  16  0:51  SCV  
  17  1:03  SCV  
  18  1:15  SCV  
  19  1:27  Reaper  
  19  1:28  Orbital Command  
  20  1:46  Command Center  
  20  1:54  SCV  
  21  1:59  Supply Depot  
  21  2:00  Barracks Reactor  
  21  2:08  SCV  
  21  2:10  Barracks  
  22  2:22  Engineering Bay  
  22  2:26  SCV  
  23  2:42  SCV  
  24  2:44  Marine  
  24  2:45  Marine, Refinery  
  26  2:56  SCV  
  27  3:07  Orbital Command  
  27  3:08  SCV, Marine x2  
  27  3:10  Barracks Tech Lab  
  30  3:21  SCV  
  31  3:28  Marine x2  
  31  3:30  Marauder  
  31  3:31  Stimpack  
  35  3:37  SCV x2  
  37  3:46  Marine  
  37  3:49  SCV x2  
  37  3:55  Marauder, Marine  
  42  4:01  Missile Turret  
  42  4:03  Marine, Missile Turret  
  42  4:06  Supply Depot  
  43  4:13  Marine  
  43  4:15  SCV x2  
  46  4:25  Supply Depot  
  46  4:28  SCV x2, Marauder, Marine  
  46  4:30  Supply Depot  
  51  4:35  Factory  
  51  4:37  Marine  
  52  4:40  SCV x2  
  52  4:44  Terran Infantry Weapons Level 1  
  54  4:47  Marine  
  54  4:50  Marauder  
  54  4:51  Supply Depot  
  57  4:54  Supply Depot, SCV  
  57  4:55  SCV, Marine  
  57  4:57  Refinery  
  60  5:04  Marine  
  61  5:11  SCV, Marine  
  61  5:12  SCV, Marine  
  65  5:22  Marine  
  65  5:24  Starport  
  65  5:26  Factory Reactor  
  66  5:29  Marauder  
  66  5:30  Marine  
  66  5:33  Combat Shields  
  69  5:40  Marine  
  70  5:48  Marine  
  70  5:49  Command Center  
  71  5:50  Marauder  
  73  6:13  Factory Tech Lab, Medivac x2  
  73  6:14  Marine x2  
  73  6:17  Marauder  
  81  6:20  Refinery  
  81  6:32  Marine x2  
  83  6:33  SCV x2  
  85  7:00  Marauder  
  84  7:13  Marine  
  84  7:14  Marine  
  86  7:16  Medivac x2  
  86  7:21  Marauder  
  92  7:28  SCV  
  92  7:29  SCV  
  94  7:34  Supply Depot  
  94  7:35  Supply Depot  
  94  7:37  Supply Depot  
  94  7:39  Armory  
  94  7:41  SCV x2  
  96  7:53  SCV x2  
Tags
 
Add a new tag
Caveats
  • Supply blocks, unpowered buildings, or Contaminate may cause inaccurate times.
  • Supply counts are checked every 10 seconds.